 Dungeon Crawl Stone Soup version 0.27-a0-522-g46bbb28828 (webtiles) character file.

Game seed: 15135411970529501285

3463 Anon1729 the Chopper (level 10, -8/86 HPs)
             Began as a Ghoul Fighter on Mar 5, 2021.
             Was a Priest of Makhleb.
             Mangled by an orc warrior
             ... wielding a +0 dire flail
              (18 damage)
             ... on level 10 of the Dungeon.
             The game lasted 00:09:20 (6916 turns).

Anon1729 the Chopper (Ghoul Fighter)                Turns: 6916, Time: 00:09:20

Health: -8/86      AC:  8    Str: 23    XL:     10   Next: 6%
Magic:  13/13      EV:  8    Int:  4    God:    Makhleb [***...]
Gold:   422        SH: 17    Dex:  8    Spells: 9/9 levels left

rFire    . . .     SeeInvis .   a - +0 war axe
rCold    + . .     Faith    .   m - +2 kite shield
rNeg     + + +     Spirit   .   b - +0 scale mail
rPois    ∞         Reflect  +   (no helmet)
rElec    .         Harm     .   c - +0 cloak
rCorr    .         Rampage  .   (no gloves)
Will     .....                  (no boots)
Stlth    ..........             t - amulet of reflection
HPRegen  0.00/turn              (no ring)
MPRegen  0.13/turn              (no ring)

@: mighty
A: claws 1, cold resistance 1, negative energy resistance 3, inhibited
regeneration, torment resistance, unbreathing 1
a: Renounce Religion, Minor Destruction, Lesser Servant of Makhleb


You were on level 10 of the Dungeon.
You worshipped Makhleb.
Makhleb was most pleased with you.
You visited 2 branches of the dungeon, and saw 9 of its levels.

You collected 422 gold pieces.

Inventory:

Hand Weapons
 a - a +0 war axe (weapon)
Armour
 b - a +0 scale mail (worn)
 c - a +0 cloak (worn)
 m - a +2 kite shield (worn)
Magical Staves
 C - a staff of fire
Jewellery
 t - an amulet of reflection (around neck)
 z - an amulet of faith
 E - a ring of positive energy
Wands
 p - a wand of random effects (33)
 y - a wand of digging (11)
Scrolls
 e - 5 scrolls of identify {unknown}
 i - a scroll of magic mapping {unknown}
 n - 2 scrolls of enchant armour {unknown}
 q - a scroll of immolation {unknown}
 r - a scroll of noise {unknown}
 s - 5 scrolls of amnesia {unknown}
 u - 2 scrolls of enchant weapon {unknown}
 v - a scroll of random uselessness {unknown}
 w - 2 scrolls of teleportation {unknown}
 B - a scroll of blinking {unknown}
 D - a scroll of fog {unknown}
Potions
 d - a potion of might
 f - 2 potions of lignification {unknown}
 g - 3 potions of flight
 h - 4 potions of heal wounds {unknown}
 j - 6 potions of curing
 k - a potion of cancellation {unknown}
 l - a potion of mutation {unknown}
 o - 2 potions of resistance {unknown}
 x - 2 potions of magic {unknown}
 A - a potion of berserk rage {unknown}


   Skills:
 + Level 7.1 Fighting
 * Level 7.8 Axes
 + Level 5.9 Armour
 + Level 5.9 Shields
 + Level 5.4 Invocations


You had 9 spell levels left.
You didn't know any spells.
Your spell library was empty.

Dungeon Overview and Level Annotations

Branches:
Dungeon (7/15)             Temple (1/1) D:4

Altars:
Ashenzari
Cheibriados
Dithmenos
Elyvilon
Gozag
Hepliaklqana
Makhleb
Nemelex Xobeh
Qazlal
Ru
Sif Muna
Trog
Wu Jian
Xom
The Shining One


Innate Abilities, Weirdness & Mutations

You thrive by killing the living.
You are immune to poison.
You have sharp fingernails.
Your flesh is cold resistant. (rC+)
You are immune to negative energy. (rN+++)
You do not regenerate when monsters are visible.
You are immune to unholy pain and torment.
You can survive without breathing.


Message History

The orc warrior is moderately wounded.
You block the orc warrior's attack.
You barely miss the orc warrior.
The orc warrior is moderately wounded.
You slash the orc warrior!
The orc warrior is severely wounded.
You hit the orc warrior. You block the orc warrior's attack. x2
The orc warrior hits you with a +0 dire flail!
You hit the orc warrior.
The orc warrior is severely wounded.
You hit the orc warrior but do no damage.
You block the orc warrior's attack. x2
You barely miss the orc warrior.
The orc warrior is severely wounded.
You completely miss the orc warrior. The orc warrior closely misses you.
The white imp picks up a beetle and eats it.
The orc warrior hits you with a +0 dire flail!!
Unknown command.
You feel very mighty all of a sudden.
The orc warrior hits you with a +0 scimitar!
* * * LOW HITPOINT WARNING * * *
You block the orc warrior's attack.
You closely miss the orc warrior.
The orc warrior is severely wounded.
You closely miss the orc warrior. You block the orc warrior's attack. x2
You barely miss the orc warrior.
The orc warrior is severely wounded.
You barely miss the orc warrior. You block the orc warrior's attack. x2
You closely miss the orc warrior.
The orc warrior is severely wounded.
You hit the orc warrior. You block the orc warrior's attack. x2
The orc warrior hits you with a +0 scimitar!
* * * LOW HITPOINT WARNING * * *
Unknown command.
Unknown command.
You barely miss the orc warrior.
The orc warrior is severely wounded.
You hit the orc warrior but do no damage.
The orc warrior hits you with a +0 dire flail!!
You die...

.. #≈≈..........# oo
.o...........#######
o.##≈≈.................
.o#.≈≈.................
##{o≈≈....o............
≈≈≈≈8≈.................
≈≈≈≈≈8.......5.........
.......#.......########
#...'..#......)#@..#
#...#..#....)5.oo..#
#..#####.......#'###
#..##.########....#
...).........#....#
...).........#...(#
#...######'###....######
#...######..#####......#####
'...............#).....#...#


You could see 2 orc warriors and a white imp.

Vanquished Creatures
  A hornet (D:5)
  Sigmund (D:2)
  2 water moccasins (D:6)
  2 ice beasts
  2 black bears
  4 sky beasts
  4 ogres
  2 centaurs (D:6)
  3 phantoms
  5 bullfrogs
  A scorpion (D:6)
  8 wights
  5 hounds
  3 jellies
  2 orc priests (D:10)
  A bullfrog skeleton (D:4)
  A centaur zombie (D:10)
  A centaur skeleton (D:6)
  An iguana (D:6)
  3 orc wizards
  2 worker ants
  A hound skeleton (D:4)
  A mummy (D:6)
  5 adders
  2 shadow imps (D:6)
  3 white imps (D:6)
  An ooze (D:4)
  2 adder skeletons
  3 worms
  A dart slug (D:1)
  3 leopard geckos
  29 orcs
  4 giant cockroaches
  4 goblins
  6 hobgoblins
  6 jackals
  2 quokkas
  8 bats
  4 frilled lizards
  A jackal skeleton (D:4)
  4 kobolds
  A leopard gecko skeleton (D:4)
  A leopard gecko zombie (D:7)
  A quokka zombie (D:6)
  8 rats
155 creatures vanquished.

Notes
Turn   | Place    | Note
-------+----------+-------------------------------------------
     0 | D:1      | Anon1729 the Ghoul Fighter began the quest for the Orb.
     0 | D:1      | Reached XP level 1. HP: 19/19 MP: 0/0
   280 | D:1      | Reached XP level 2. HP: 26/26 MP: 1/1
   751 | D:2      | Found an ornate altar of the Wu Jian Council.
   751 | D:2      | Found a shimmering altar of Xom.
   752 | D:2      | Found a burning altar of Makhleb.
   756 | D:2      | Became a worshipper of Makhleb the Destroyer
   820 | D:2      | Reached XP level 3. HP: 31/31 MP: 2/2
  1269 | D:2      | Noticed Sigmund
  1353 | D:2      | Killed Sigmund
  1354 | D:2      | Reached XP level 4. HP: 27/40 MP: 3/3
  1354 | D:2      | Reached XP level 5. HP: 31/46 MP: 4/4
  1801 | D:3      | Found an opulent altar of Gozag.
  1875 | D:3      | Reached XP level 6. HP: 52/52 MP: 5/5
  1883 | D:3      | Found a bloodstained altar of Trog.
  2037 | D:3      | Reached * piety under Makhleb
  2308 | D:4      | Found a staircase to the Ecumenical Temple.
  2380 | Temple   | Entered the Ecumenical Temple
  2679 | D:4      | Reached skill level 1 in Invocations
  2773 | D:4      | Noticed a sky beast
  2979 | D:4      | Reached XP level 7. HP: 60/60 MP: 5/7
  3689 | D:5      | Entered Level 5 of the Dungeon
  3764 | D:5      | Found a sparkling altar of Nemelex Xobeh.
  3789 | D:5      | Reached skill level 5 in Fighting
  3897 | D:5      | Reached skill level 5 in Axes
  3939 | D:5      | Noticed a hornet
  3979 | D:5      | Killed a hornet
  3980 | D:5      | Reached XP level 8. HP: 28/68 MP: 7/9
  3983 | D:5      | Reached ** piety under Makhleb
  4772 | D:6      | Found a hazy altar of Hepliaklqana.
  4920 | D:6      | Found a snail-covered altar of Cheibriados.
  5115 | D:6      | Reached skill level 5 in Armour
  5115 | D:6      | Reached skill level 5 in Shields
  5115 | D:6      | Reached XP level 9. HP: 65/75 MP: 9/11
  5653 | D:6      | Found a shimmering blue altar of Sif Muna.
  5868 | D:6      | Found a broken altar of Ashenzari.
  6211 | D:7      | Reached *** piety under Makhleb
  6222 | D:7      | Reached skill level 5 in Invocations
  6257 | D:7      | Found an ornate altar of the Wu Jian Council.
  6546 | D:7      | You fall into a shaft and drop 3 floors!
  6546 | D:10     | Entered Level 10 of the Dungeon
  6697 | D:10     | Reached XP level 10. HP: 86/86 MP: 11/13
  6916 | D:10     | Mangled by an orc warrior

Illustrated notes

Levels and vault maps discovered:
D:1:      lightli_arrival_isolated_outpost, layout_rooms
D:2:      cheibrodos_old_hovel, layout_basic, tso_oasis_becter, minitemple,
          uniq_sigmund
D:3:      layout_loops_ring, lemuel_crystal_altar,
          nicolae_overflow_hidden_temple
D:4:      layout_basic, minmay_temple_entry_tees
D:5:      layout_cave_pods, basic_altar, nemelex_xobeh_ov_fountains_minmay
D:6:      minmay_thinvault, layout_basic, led_sif_pool, kennysheep_little_box,
          nzn_hepliaklqana_mist_gate, slow_altar_1, item_on_display_a
D:7:      layout_cave_pods, basic_altar, uniq_menkaure
D:10:     layout_gridville, erik_orc_2, serial_shops, kennysheep_mini_moat,
          uniq_josephine, uniq_joseph, uniq_nergalle
Temple:   dpeg_three_leaves_temple

Skill      XL: |  1  2  3  4  5  6  7  8  9 |
---------------+----------------------------+-----
Axes           | 2 3 4 5 6 7 |  7.8
Shields        | 3 4 5 |  5.9
Armour         | 3 4 5 |  5.9
Fighting       | 4 5 6 7 |  7.1
Invocations    | 1 2 4 5 |  5.4

Action                   |  1- 3 |  4- 6 |  7- 9 | 10-12 || total
-------------------------+-------+-------+-------+-------++-------
Melee: War axe           |    71 |   127 |   389 |    38 ||   625
Evoke: Wand              |       |       |     5 |       ||     5
  Use: Potion            |       |       |     3 |     1 ||     4
 Stab: Petrified         |       |       |     4 |       ||     4
Armor: Scale mail        |    27 |    39 |   132 |     6 ||   204
Dodge: Dodged            |    20 |    28 |   107 |     8 ||   163
Block: Kite shield       |    41 |    85 |   376 |    31 ||   533
       Reflection        |       |       |     7 |       ||     7

Table legend: (Time is in decaauts)
 A = Elapsed time spent in this place.
 B = Non-inter-level travel time spent in this place.
 C = Inter-level travel time spent in this place.
 D = Time resting spent in this place.
 E = Time spent auto-exploring this place.
 F = Levels seen in this place.
 G = Mean time per level.
                   A        B        C        D        E       F      G
               +--------+--------+--------+--------+--------+-----+--------+
         Total |   7196 |   7017 |    179 |    450 |   4981 |   9 |  799.6 |
       Dungeon |   6910 |   6731 |    179 |    450 |   4702 |   8 |  863.8 |
        Temple |    286 |    286 |      0 |      0 |    279 |   1 |  286.0 |
               +--------+--------+--------+--------+--------+-----+--------+

Top non-repeatable levels by time:
     D:6: 1523 daAuts
     D:4: 1186 daAuts
     D:2: 1066 daAuts
     D:5: 984 daAuts
     D:3: 767 daAuts
     D:1: 530 daAuts
     D:7: 459 daAuts
    D:10: 391 daAuts
  Temple: 286 daAuts
